 Dungeon Crawl Stone Soup version 0.29-a0-911-g88e6f02907 (webtiles) character file.

Game seed: 2690215669011096388

1375 Hubris850 the Carver (level 8, -1/56 (57) HPs)
             Began as a Merfolk Gladiator on July 25, 2022.
             Was an Initiate of the Shining One.
             Succumbed to a gnoll sergeant's poison
             ... on level 5 of the Dungeon.
             The game lasted 00:14:35 (6236 turns).

Hubris850 the Carver (Merfolk Gladiator)            Turns: 6236, Time: 00:14:36

HP:   -1/56 (57)    AC: 11    Str: 17    XL:     8   Next: 66%
MP:   4/8           EV: 14    Int:  7    God:    the Shining One [......]
Gold: 271           SH:  0    Dex: 18    Spells: 7/7 levels left

rFire   . . .      SeeInvis +   b - +7 whip of the Eternal Warrior {venom, Will+ Str+3 SInv}
rCold   . . .      Faith    .   (no shield)
rNeg    . . .      Spirit   +   I - +0 leather armour
rPois   .          Reflect  .   J - +2 helmet
rElec   .          Harm     .   (no cloak)
rCorr   .          Rampage  .   (no gloves)
Will    +....                   r - +0 pair of boots
Stlth   +.........              i - amulet of guardian spirit
HPRegen 0.18/turn               M - +4 ring of protection
MPRegen 0.11/turn               (no ring)

@: lethally poisoned (-1 -> -22), glowing, lightly drained
A: (nimble swimmer 2), mertail
a: Renounce Religion


You were on level 5 of the Dungeon.
You worshipped the Shining One.
The Shining One was noncommittal.
You visited 1 branch of the dungeon, and saw 5 of its levels.
You also visited: Sewer.

You collected 271 gold pieces.

Inventory:

Hand Weapons
 a - a +0 scimitar
 b - the +7 whip of the Eternal Warrior (weapon) {venom, Will+ Str+3 SInv}
   (You found it on level 4 of the Dungeon)

   It poisons the flesh of those it strikes.
   Str:       It affects your strength (+3).
   SInv:      It lets you see invisible.
   Will:      It increases your willpower.
 C - a +0 long sword
 H - a +2 halberd of venom
Missiles
 d - 8 throwing nets
 e - 5 javelins
 f - 12 poisoned darts (quivered)
 x - a curare-tipped dart
Armour
 c - a +0 helmet
 r - a +0 pair of boots (worn)
 D - a scarf of shadows
 I - a +0 leather armour (worn)
 J - a +2 helmet (worn)
Magical Staves
 w - a staff of poison
Jewellery
 i - an amulet of guardian spirit (around neck)
 M - a +4 ring of protection (left hand)
Wands
 s - a wand of iceblast (16)
 L - a wand of mindburst (12)
Scrolls
 k - a scroll of noise {unknown}
 l - 3 scrolls of magic mapping {unknown}
 n - 2 scrolls of amnesia {unknown}
 o - 6 scrolls of identify {unknown}
 t - 2 scrolls of silence {unknown}
 u - 2 scrolls of immolation {unknown}
 v - a scroll of enchant armour {unknown}
 y - 2 scrolls of teleportation {unknown}
 F - 3 scrolls of vulnerability {unknown}
 K - a scroll of fear {unknown}
Potions
 g - a potion of attraction {unknown}
 h - a potion of degeneration {unknown}
 j - a potion of flight {unknown}
 m - 4 potions of heal wounds {unknown}
 p - 3 potions of haste
 q - 4 potions of cancellation {unknown}
 z - a potion of invisibility {unknown}
 A - a potion of resistance {unknown}
 B - 2 potions of might {unknown}
 E - a potion of curing {unknown}
 G - 3 potions of lignification {unknown}


   Skills:
 - Level 2.6 Fighting
 + Level 11.0 Long Blades
 - Level 4.0 Maces & Flails
 - Level 2.3 Throwing
 - Level 4.4 Dodging


You had 7 spell levels left.
You didn't know any spells.
Your spell library contained the following spells:

 Spells                   Type           Power      Damage    Failure   Level
 Shock                    Conj/Air       0%         1d3       50%         1
 Swiftness                Air            0%         N/A       86%         3
 Airstrike                Air            0%         0-1+      99%         4


Dungeon Overview and Level Annotations

Branches:
Dungeon (5/15)              Sewer (visited)
 Temple: D:4-7

Altars:
Makhleb
Vehumet
The Shining One


Innate Abilities, Weirdness & Mutations

((You are very nimble when in or above water. (Stealth+, EV+, Speed+++)))
Your lower body shifts to a powerful aquatic tail in water.


Message History

The gnoll sergeant misses you. The orc priest barely misses you.
You hit the orc priest.
The orc priest is severely wounded.
You feel very sick. The orc priest barely misses you.
The gnoll sergeant misses you.
You hit the orc priest.
You kill the orc priest!
The Shining One accepts your kill.
You feel sick. The gnoll sergeant closely misses you.
Your Long Blades skill increases to level 11!
The gnoll sergeant blocks your attack.
You feel sick. The gnoll sergeant blocks your attack.
You feel sick.
An orc comes into view. It is wielding a +0 club.
You whack the gnoll!
The gnoll is severely wounded.
You feel sick.
The gnoll sergeant hits you with a +0 spear of venom!
* * * LOW HITPOINT WARNING * * *
You are more poisoned.
The gnoll barely misses you.
You hit the gnoll sergeant.
The gnoll sergeant is poisoned.
The gnoll sergeant is lightly wounded.
* * * LOW HITPOINT WARNING * * *
You feel very sick. The gnoll sergeant misses you. The gnoll barely misses you.
You hit the gnoll sergeant.
The gnoll sergeant looks as sick as possible!
The gnoll sergeant is moderately wounded.
* * * LOW HITPOINT WARNING * * *
You feel sick.
The gnoll sergeant hits you with a +0 spear of venom.
* * * LOW HITPOINT WARNING * * *
You are more poisoned.
The gnoll closely misses you.
* * * LOW HITPOINT WARNING * * *
You feel very sick.
The gnoll sergeant hits you but does no damage.
You are more poisoned.
You see here a +0 halberd.
You die...

#)'...).......)....'...
#)#...........#....#...
#.#####################
#......# .......
#......# g......
#.###'## g.o.. #.#....#


.go #.#....###g###### ###)#[...@)gg.....# #.))############### #...# ##### ≈≈≈
≈≈≈≈ ...... ..P.... ######### You could see a gnoll sergeant (extremely
poisoned) and 2 gnolls.

Vanquished Creatures
  A black bear (D:5)
  An ice beast (D:4)
  2 ogres
  A phantom (D:5)
  A kobold brigand (Sewer)
  A necrophage (D:5)
  A scorpion (D:5)
  4 wights (D:3)
  An orc priest (D:5)
  A hound (D:5)
  A gnoll bouda (D:5)
  2 iguanas
  20 gnolls
  8 adders
  4 worms
  2 dart slugs (D:5)
  14 orcs
  9 ball pythons
  13 endoplasms
  4 giant cockroaches
  9 goblins
  7 hobgoblins
  8 jackals
  18 kobolds
  2 quokkas (D:1)
  7 bats
  5 frilled lizards
  8 rats
155 creatures vanquished.

Notes
Turn   | Place    | Note
-------+----------+-------------------------------------------
     0 | D:1      | Hubris850 the Merfolk Gladiator began the quest for the
                  | Orb.
     0 | D:1      | Reached XP level 1. HP: 16/16 MP: 1/1
     6 | D:1      | You fall into a shaft and drop 1 floor!
   271 | D:1      | Reached XP level 2. HP: 23/23 MP: 2/2
   774 | D:1      | Reached skill level 4 in Long Blades
   787 | D:1      | Reached XP level 3. HP: 25/28 MP: 3/3
  1114 | D:1      | Found a faded altar of an unknown god.
  1612 | D:2      | Reached skill level 5 in Long Blades
  1612 | D:2      | Reached XP level 4. HP: 23/34 MP: 4/4
  2024 | D:2      | Reached skill level 6 in Long Blades
  2024 | D:2      | Reached XP level 5. HP: 27/39 MP: 5/5
  2427 | D:2      | Found a burning altar of Makhleb.
  2988 | D:3      | Found a glowing drain.
  3043 | Sewer    | Entered a sewer
  3116 | Sewer    | Noticed a kobold brigand
  3124 | Sewer    | Killed a kobold brigand
  3125 | Sewer    | Reached skill level 7 in Long Blades
  3125 | Sewer    | Reached XP level 6. HP: 32/46 MP: 3/6
  3563 | D:3      | Reached skill level 8 in Long Blades
  3563 | D:3      | Reached XP level 7. HP: 39/51 MP: 5/7
  3565 | D:3      | Reached skill level 9 in Long Blades
  4689 | D:4      | Identified the +7 whip of the Eternal Warrior {venom, Will+
                  | Str+3 SInv}
  4835 | D:4      | Reached skill level 1 in Maces & Flails
  5159 | D:4      | Found a glowing golden altar of the Shining One.
  5165 | D:4      | Became a worshipper of the Shining One
  5214 | D:4      | Found a radiant altar of Vehumet.
  5348 | D:5      | Entered Level 5 of the Dungeon
  5367 | D:5      | Reached XP level 8. HP: 54/57 MP: 8/8
  5695 | D:5      | Reached skill level 10 in Long Blades
  6230 | D:5      | Reached skill level 11 in Long Blades
  6236 | D:5      | Succumbed to a gnoll sergeant's poison

Illustrated notes

Levels and vault maps discovered:
D:1:      evilmike_arrival_rings, layout_basic,
          chequers_ecumenical_altar_twisty, nicolae_kite_square_tiling_tiny
D:2:      layout_basic, basic_altar
D:3:      layout_rooms, portal_sewer_entry_a, ebering_dispersal_statue_hall,
          lemuel_old_faithful
D:4:      layout_basic, mainiacjoe_overflow_two_lobes,
          minmay_fractal_squares_diagonal_5
D:5:      lemuel_castle_with_subvaults [lemuel_castle_interior_carwin_1],
          layout_gridville

Skill      XL: |  1  2  3  4  5  6  7  8 |
---------------+-------------------------+-----
Long Blades    | 4 5 6 7 8 9 11 | 11.0
Maces & Flails | 2 4 |  4.0
Fighting       | |  2.6
Throwing       | |  2.3
Dodging        | |  4.4

Action                   |  1- 3 |  4- 6 |  7- 9 || total
-------------------------+-------+-------+-------++-------
Melee: Long sword        |   107 |   192 |     2 ||   301
       Punch             |       |     4 |       ||     4
       Tailslap          |       |     1 |     3 ||     4
       Scimitar          |       |       |    88 ||    88
       Whip              |       |       |    98 ||    98
Throw: Javelin           |       |     8 |       ||     8
       Throwing net      |       |     2 |       ||     2
       Dart              |       |       |    19 ||    19
 Stab: Sleeping          |     2 |     3 |     2 ||     7
       Held in net/web   |       |     1 |       ||     1
Armor: Leather armour    |    33 |    60 |    44 ||   137
Dodge: Dodged            |    79 |   188 |   123 ||   390

Table legend: (Time is in decaauts)
 A = Elapsed time spent in this place.
 B = Non-inter-level travel time spent in this place.
 C = Inter-level travel time spent in this place.
 D = Time resting spent in this place.
 E = Time spent auto-exploring this place.
 F = Levels seen in this place.
 G = Mean time per level.
                   A        B        C        D        E       F      G
               +--------+--------+--------+--------+--------+-----+--------+
         Total |   6224 |   6101 |    123 |    833 |   3675 |   6 | 1037.3 |
       Dungeon |   5784 |   5661 |    123 |    833 |   3479 |   5 | 1156.8 |
         Sewer |    440 |    440 |      0 |      0 |    195 |   1 |  440.0 |
               +--------+--------+--------+--------+--------+-----+--------+

Top non-repeatable levels by time:
     D:2: 1770 daAuts
     D:4: 1256 daAuts
     D:1: 1076 daAuts
     D:5: 873 daAuts
     D:3: 806 daAuts
   Sewer: 440 daAuts
